PL
LEXINGTON BC @ GRAFTON MIDDIES
09/01/2017
 
TOP OF THE 1ST
Lexington BC batting - Pitching for Grafton Middies : RHP Ryan Davis
Pitching: RHP Ryan Davis
Batting: RHB John Hill 0-0: Called Strike
0-1: Fly out, F3 (Popup, 23F)
Batting: RHB José Álvarez 0-0: Called Strike
0-1: Ground out 3-1 (Groundball, 34)
Batting: RHB Júlio Gruzmán 0-0: Ball
1-0: Called Strike
1-1: Ball
2-1: Fly out, F8 (Flyball, 8RXD)
Top of the 1st over - 0 run(s), 0 hit(s), 0 error(s), 0 left on base; Lexington 0 - Grafton 0
BOTTOM OF THE 1ST
Grafton Middies batting - Pitching for Lexington BC : RHP Guillermo García
Pitching: RHP Guillermo García
Batting: RHB Carl Good 0-0: Ball
1-0: Ball
2-0: Ball
3-0: Called Strike
3-1: Foul Ball, location: 2F
3-2: Base on Balls
Batting: LHB Luis Gutiérrez 0-0: Foul Ball, location: 2F
0-1: Ball
1-1: Fly out, F8 (Flyball, 8RXD)
Runner from 1st tags up, SAFE at 2nd
Batting: LHB Tony Dyer 0-0: Ball
1-0: Fly out, F8 (Flyball, 8LM)
Batting: LHB Guillermo Romero 0-0: Ground out 4-3 (Groundball, 4M)
Bottom of the 1st over - 0 run(s), 0 hit(s), 0 error(s), 1 left on base; Lexington 0 - Grafton 0
TOP OF THE 2ND
Lexington BC batting - Pitching for Grafton Middies : RHP Ryan Davis
Batting: RHB Juan Cabrera 0-0: Foul Ball, location: 2F
0-1: Foul Ball, location: 2F
0-2: SINGLE (Groundball, 6MD) (infield hit)
Batting: RHB Andre Dixon 0-0: Ball
1-0: Ball
2-0: Called Strike
2-1: Foul Ball, location: 2F
2-2: Strikes out swinging
Batting: LHB Brad Elmore 0-0: Ball
1-0: Ball
2-0: Called Strike
2-1: Ball
Juan Cabrera steals 2nd base
3-1: Foul Ball, location: 2F
3-2: Foul Ball, location: 2F
3-2: Foul Ball, location: 2F
3-2: Foul Ball, location: 2F
3-2: Ground out 4-3 (Groundball, 4)
Juan Cabrera to third
Batting: RHB Steve Dunn 0-0: Called Strike
0-1: Ball
1-1: Ball
2-1: Foul Ball, location: 2F
2-2: Strikes out looking
Top of the 2nd over - 0 run(s), 1 hit(s), 0 error(s), 1 left on base; Lexington 0 - Grafton 0
BOTTOM OF THE 2ND
Grafton Middies batting - Pitching for Lexington BC : RHP Guillermo García
Batting: RHB Donald Thompson 0-0: Called Strike
0-1: Fly out, F7 (Flyball, 78M)
Batting: RHB Mike Lewis 0-0: Ball
1-0: SINGLE (Groundball, 34D)
Batting: RHB Dave Knight 0-0: Ball
1-0: Called Strike
1-1: Ball
2-1: DOUBLE (Flyball, 7M)
Mike Lewis to third
Batting: RHB Nam-sup Yi 0-0: Ball
1-0: Fly out, F8 (Flyball, 8LS)
Batting: RHB Ryan Davis 0-0: Called Strike
0-1: Foul Ball, location: 2F
0-2: Strikes out swinging
Bottom of the 2nd over - 0 run(s), 2 hit(s), 0 error(s), 2 left on base; Lexington 0 - Grafton 0
TOP OF THE 3RD
Lexington BC batting - Pitching for Grafton Middies : RHP Ryan Davis
Batting: SHB Mustapha Gonzales 0-0: Ball
1-0: Foul Ball, location: 2F
1-1: Swinging Strike
1-2: Ball
2-2: Ground out 6-3 (Groundball, 6)
Batting: RHB Guillermo García 0-0: Ball
1-0: Foul Ball, location: 2F
1-1: Ground out 4-3 (Groundball, 4)
Batting: RHB John Hill 0-0: Ball
1-0: Ball
2-0: Called Strike
2-1: Swinging Strike
2-2: Ball
3-2: Foul Ball, location: 2F
3-2: Strikes out looking
Top of the 3rd over - 0 run(s), 0 hit(s), 0 error(s), 0 left on base; Lexington 0 - Grafton 0
BOTTOM OF THE 3RD
Grafton Middies batting - Pitching for Lexington BC : RHP Guillermo García
Batting: RHB Carl Good 0-0: Called Strike
0-1: Called Strike
0-2: Foul Ball, location: 2F
0-2: Ball
1-2: Strikes out swinging
Batting: LHB Luis Gutiérrez 0-0: Called Strike
0-1: Foul Ball, location: 2F
0-2: Foul Ball, location: 2F
0-2: Ball
1-2: Foul Ball, location: 2F
1-2: Ball
2-2: Foul Ball, location: 2F
2-2: SINGLE (Groundball, 34D)
Batting: LHB Tony Dyer 0-0: Ball
1-0: Foul Ball, location: 2F
1-1: Ball
2-1: Called Strike
2-2: Fly out, F9 (Line Drive, 89D)
Batting: LHB Guillermo Romero 0-0: Ball
1-0: Ball
2-0: Ball
3-0: Base on Balls
Luis Gutiérrez to second
Batting: RHB Donald Thompson 0-0: Called Strike
0-1: Ground out 5-3 (Groundball, 5)
Bottom of the 3rd over - 0 run(s), 1 hit(s), 0 error(s), 2 left on base; Lexington 0 - Grafton 0
TOP OF THE 4TH
Lexington BC batting - Pitching for Grafton Middies : RHP Ryan Davis
Batting: RHB José Álvarez 0-0: Ball
1-0: Ball
2-0: Called Strike
2-1: SINGLE (Line Drive, 89S)
Batting: RHB Júlio Gruzmán 0-0: Ball
1-0: Called Strike
1-1: Ball
2-1: Foul Ball, location: 2F
2-2: Strikes out looking
Batting: RHB Juan Cabrera 0-0: Swinging Strike
0-1: SINGLE (Groundball, 6M)
José Álvarez to second
Batting: RHB Andre Dixon 0-0: Ball
1-0: SINGLE (Groundball, 56D)
José Álvarez to third
Juan Cabrera to second
Batting: LHB Brad Elmore 0-0: Called Strike
0-1: Called Strike
0-2: Ball
1-2: Ball
2-2: Fly out, F7 (Line Drive, 78M)
Runner from 3rd tags up, SCORES, no throw
Batting: RHB Steve Dunn 0-0: Ball
1-0: Ground out 6-3 (Groundball, 6)
Top of the 4th over - 1 run(s), 3 hit(s), 0 error(s), 2 left on base; Lexington 1 - Grafton 0
BOTTOM OF THE 4TH
Grafton Middies batting - Pitching for Lexington BC : RHP Guillermo García
Batting: RHB Mike Lewis 0-0: Ball
1-0: Swinging Strike
1-1: Ball
2-1: Fly out, F9 (Flyball, 9LM)
Batting: RHB Dave Knight 0-0: Ball
1-0: Ball
2-0: Ball
3-0: Called Strike
3-1: Foul Ball, location: 2F
3-2: Base on Balls
Batting: RHB Nam-sup Yi 0-0: Called Strike
0-1: Ball
1-1: Swinging Strike
1-2: Ground out 5-3 (Groundball, 5S)
Dave Knight to second
Batting: RHB Ryan Davis 0-0: Fly out, F7 (Flyball, 7LM)
Bottom of the 4th over - 0 run(s), 0 hit(s), 0 error(s), 1 left on base; Lexington 1 - Grafton 0
TOP OF THE 5TH
Lexington BC batting - Pitching for Grafton Middies : RHP Ryan Davis
Batting: SHB Mustapha Gonzales 0-0: Ball
1-0: Foul Ball, location: 2F
1-1: Called Strike
1-2: Foul Ball, location: 2F
1-2: Strikes out swinging
Batting: RHB Guillermo García 0-0: Ball
1-0: Ball
2-0: Ball
3-0: Called Strike
3-1: Foul Ball, location: 2F
3-2: Strikes out swinging
Batting: RHB John Hill 0-0: Ball
1-0: Called Strike
1-1: Ground out 6-3 (Groundball, 6MS)
Top of the 5th over - 0 run(s), 0 hit(s), 0 error(s), 0 left on base; Lexington 1 - Grafton 0
BOTTOM OF THE 5TH
Grafton Middies batting - Pitching for Lexington BC : RHP Guillermo García
Batting: RHB Carl Good 0-0: Ground out 1-3 (Groundball, 13)
Batting: LHB Luis Gutiérrez 0-0: Ball
1-0: Ball
2-0: Fly out, F6 (Popup, 6M)
Batting: LHB Tony Dyer 0-0: Called Strike
0-1: DOUBLE (Groundball, 3L)
Batting: LHB Guillermo Romero 0-0: Called Strike
0-1: Foul Ball, location: 2F
0-2: Fly out, F4 (Line Drive, 4)
Bottom of the 5th over - 0 run(s), 1 hit(s), 0 error(s), 1 left on base; Lexington 1 - Grafton 0
TOP OF THE 6TH
Lexington BC batting - Pitching for Grafton Middies : RHP Ryan Davis
Batting: RHB José Álvarez 0-0: Foul Ball, location: 2F
0-1: Foul Ball, location: 2F
0-2: Ground out 6-3 (Groundball, 6)
Batting: RHB Júlio Gruzmán 0-0: Ball
1-0: Swinging Strike
1-1: Ball
2-1: Ball
3-1: Base on Balls
Batting: RHB Juan Cabrera 0-0: Swinging Strike
0-1: Foul Ball, location: 2F
0-2: Foul Ball, location: 2F
0-2: Ball
1-2: Strikes out swinging
Batting: RHB Andre Dixon 0-0: Ball
1-0: Ball
2-0: Ball
3-0: Called Strike
3-1: SINGLE (Line Drive, 8LS)
Júlio Gruzmán to second
Batting: LHB Brad Elmore 0-0: Foul Ball, location: 2F
0-1: Foul Ball, location: 2F
0-2: SINGLE (Line Drive, 56)
Júlio Gruzmán to third
Andre Dixon to second
Runner from 3rd tries for Home, SAFE, no throw or cutoff
Batting: RHB Steve Dunn 0-0: Called Strike
0-1: Fly out, F3 (Popup, 3DF)
Top of the 6th over - 1 run(s), 2 hit(s), 0 error(s), 2 left on base; Lexington 2 - Grafton 0
BOTTOM OF THE 6TH
Grafton Middies batting - Pitching for Lexington BC : RHP Guillermo García
Batting: RHB Donald Thompson 0-0: Ball
1-0: Ground out 4-3 (Groundball, 4)
Batting: RHB Mike Lewis 0-0: Ball
1-0: Called Strike
1-1: Foul Ball, location: 2F
1-2: SINGLE (Line Drive, 56D)
Batting: RHB Dave Knight 0-0: Called Strike
0-1: Fly out, F7 (Line Drive, 7M)
Batting: RHB Nam-sup Yi 0-0: Called Strike
0-1: Ball
1-1: Fly out, F7 (Flyball, 78XD)
Bottom of the 6th over - 0 run(s), 1 hit(s), 0 error(s), 1 left on base; Lexington 2 - Grafton 0
TOP OF THE 7TH
Lexington BC batting - Pitching for Grafton Middies : RHP Ryan Davis
Batting: SHB Mustapha Gonzales 0-0: Called Strike
0-1: Foul Ball, location: 2F
0-2: Ball
1-2: Strikes out swinging
Pinch Hitting: RHB Leonardo Sánchez 0-0: Foul Ball, location: 2F
0-1: Ball
1-1: Foul Ball, location: 2F
1-2: Foul Ball, location: 2F
1-2: Strikes out swinging
Batting: RHB John Hill 0-0: SINGLE (Flyball, 8RS)
Batting: RHB José Álvarez 0-0: Ball
1-0: Called Strike
1-1: Swinging Strike
1-2: Foul Ball, location: 2F
1-2: Ball
2-2: Ball
3-2: Strikes out swinging
Top of the 7th over - 0 run(s), 1 hit(s), 0 error(s), 1 left on base; Lexington 2 - Grafton 0
BOTTOM OF THE 7TH
Grafton Middies batting - Pitching for Lexington BC : RHP Guillermo García
Pitching: RHP Burt Booth
Batting: RHB Ryan Davis 0-0: Called Strike
0-1: Ball
1-1: Foul Ball, location: 2F
1-2: Ball
2-2: Strikes out swinging
Batting: RHB Carl Good 0-0: Swinging Strike
0-1: Called Strike
0-2: Foul Ball, location: 2F
0-2: Foul Ball, location: 2F
0-2: Ball
1-2: Ball
2-2: Ball
3-2: SINGLE (Groundball, 56)
Batting: LHB Luis Gutiérrez 0-0: Called Strike
0-1: Ball
1-1: Ball
2-1: Foul Ball, location: 2F
2-2: Fly out, F8 (Flyball, 8LXD)
Batting: LHB Tony Dyer 0-0: Ball
1-0: SINGLE (Groundball, 4M)
Carl Good to second
Batting: LHB Guillermo Romero 0-0: Ball
1-0: Ball
2-0: Ball
3-0: Called Strike
3-1: Fly out, F9 (Line Drive, 9M)
Bottom of the 7th over - 0 run(s), 2 hit(s), 0 error(s), 2 left on base; Lexington 2 - Grafton 0
TOP OF THE 8TH
Lexington BC batting - Pitching for Grafton Middies : RHP Ryan Davis
Batting: RHB Júlio Gruzmán 0-0: Called Strike
0-1: Foul Ball, location: 2F
0-2: Ground out 6-3 (Groundball, 6M)
Batting: RHB Juan Cabrera 0-0: Fly out, F7 (Flyball, 78M)
Batting: RHB Andre Dixon 0-0: Ball
1-0: Swinging Strike
1-1: Ball
2-1: DOUBLE (Line Drive, 5L)
Batting: LHB Brad Elmore 0-0: Called Strike
0-1: Ball
1-1: Foul Ball, location: 2F
1-2: Ball
2-2: Strikes out swinging
Top of the 8th over - 0 run(s), 1 hit(s), 0 error(s), 1 left on base; Lexington 2 - Grafton 0
BOTTOM OF THE 8TH
Grafton Middies batting - Pitching for Lexington BC : RHP Burt Booth
Batting: RHB Donald Thompson 0-0: Foul Ball, location: 2F
0-1: Ball
1-1: Fly out, F8 (Flyball, 8LM)
Batting: RHB Mike Lewis 0-0: Called Strike
0-1: Ball
1-1: Ball
2-1: Foul Ball, location: 2F
2-2: Strikes out looking
Batting: RHB Dave Knight 0-0: Swinging Strike
0-1: Ball
1-1: Called Strike
1-2: Strikes out swinging
Bottom of the 8th over - 0 run(s), 0 hit(s), 0 error(s), 0 left on base; Lexington 2 - Grafton 0
TOP OF THE 9TH
Lexington BC batting - Pitching for Grafton Middies : RHP Ryan Davis
Batting: RHB Steve Dunn 0-0: Ball
1-0: Foul Ball, location: 2F
1-1: Swinging Strike
1-2: Strikes out looking
Batting: SHB Mustapha Gonzales 0-0: Ball
1-0: Foul Ball, location: 2F
1-1: Called Strike
1-2: Ball
2-2: Strikes out looking
Pinch Hitting: RHB Jesús Morales 0-0: Called Strike
0-1: Foul Ball, location: 2F
0-2: Ball
1-2: Strikes out swinging
Top of the 9th over - 0 run(s), 0 hit(s), 0 error(s), 0 left on base; Lexington 2 - Grafton 0
BOTTOM OF THE 9TH
Grafton Middies batting - Pitching for Lexington BC : RHP Burt Booth
Pitching: RHP Myron Snow
Batting: RHB Nam-sup Yi 0-0: Ball
1-0: Called Strike
1-1: Foul Ball, location: 2F
1-2: Foul Ball, location: 2F
1-2: Foul Ball, location: 2F
1-2: Ground out 6-3 (Groundball, 6)
Pinch Hitting: RHB José Peña 0-0: Ball
1-0: Ball
2-0: Called Strike
2-1: Ball
3-1: Foul Ball, location: 2F
3-2: Fly out, F7 (Flyball, 78D)
Batting: RHB Carl Good 0-0: Ball
1-0: Ball
2-0: Foul Ball, location: 2F
2-1: Foul Ball, location: 2F
2-2: Foul Ball, location: 2F
2-2: Ground out 6-3 (Groundball, 6)
Bottom of the 9th over - 0 run(s), 0 hit(s), 0 error(s), 0 left on base; Lexington 2 - Grafton 0
This league is powered by Out of the Park Baseball, the baseball management simulation game for PC, Mac and Linux
Saturday, February 27th, 2021 - OOTP Baseball 15.6 Build 34